 Dungeon Crawl Stone Soup version 0.25-a0-353-ged6d54792d (webtiles) character file.

Game seed: 9656597232050857549, levelgen mode: deterministic

12350 fizhy the Cleaver (level 11, -10/80 HPs)
             Began as an Octopode Gladiator on Jan 2, 2020.
             Was an Elder of Ru.
             Mangled by a hornet (17 damage)
             ... in a Gauntlet.
             The game lasted 00:35:58 (19056 turns).

fizhy the Cleaver (Octopode Gladiator)             Turns: 19056, Time: 00:35:59

Health: -10/80     AC:  1    Str: 13    XL:     11   Next: 92%
Magic:  24/24      EV: 19    Int: 19    God:    Ru [****..]
Gold:   207        SH:  0    Dex: 15    Spells: 8/10 levels left

rFire    . . .     SeeInvis .   a - +2 war axe (elec)
rCold    . . .     Gourm    .   (no shield)
rNeg     . . .     Faith    .   b - +0 hat
rPois    .         Spirit   .   I - amulet of regeneration
rElec    .         Reflect  .   q - +4 ring of intelligence
rCorr    .         Harm     .   s - ring of stealth
MR       .....     NoTele   +   J - +4 ring of intelligence
Stlth    +++.......             g - ring of magical power
HPRegen  0.63/turn              (no ring)
MPRegen  0.19/turn              (no ring)
                                (no ring)
                                (no ring)

@: lethally poisoned (-10 -> -16), slowed, lightly drained, very slow
A: almost no armour, stealthy swim, amphibious, 8 rings, constrict 8, camouflage
1, dopey 1, gelatinous body 1, no charms magic, no fire magic, no hexes magic,
unskilled 1, missing an eye
a: Draw Out Power, Power Leap, Renounce Religion


You were in a Gauntlet.
You worshipped Ru.
Ru was greatly pleased with you.
You were not hungry.

You visited 3 branches of the dungeon, and saw 13 of its levels.
You also visited: Gauntlet.

You collected 795 gold pieces.
You spent 588 gold pieces at shops.

Inventory:

Hand Weapons
 a - a +2 war axe of electrocution (weapon)
 f - a +4 trident
 h - a +3 morningstar
 u - the +3 hand axe of Ratacapp {pain, rF+ MR+}
   (You found it on level 4 of the Dungeon)

   In the hands of one skilled in necromantic magic, it inflicts extra damage on
   living creatures.
   It protects you from fire.
   It affects your resistance to hostile enchantments.
 Q - a +2 war axe of freezing
 V - a +0 morningstar
Missiles
 c - 3 throwing nets {!f}
 H - 33 poisoned darts (quivered)
 N - 19 boomerangs
Armour
 b - a +0 hat (worn)
Jewellery
 g - a ring of magical power (on tentacle)
 q - a +4 ring of intelligence (left tentacle)
 r - an uncursed ring of ice
 s - a ring of stealth (right tentacle)
 I - an amulet of regeneration (around mantle)
 J - a +4 ring of intelligence (on tentacle)
Wands
 l - a wand of digging (5)
 A - a wand of acid (4)
 E - a wand of paralysis (6)
 L - a wand of iceblast (6)
 R - a wand of polymorph (5)
Scrolls
 i - 2 scrolls of fog
 k - 6 scrolls of remove curse {@r2}
 p - a scroll of enchant armour {unknown}
 t - 7 scrolls of teleportation {@r3}
 w - a scroll of immolation {unknown}
 y - 2 scrolls of blinking
 D - 2 scrolls of vulnerability
 F - a scroll of magic mapping {unknown}
 P - a scroll of noise {unknown}
 T - a scroll of amnesia {unknown}
 X - 2 scrolls of random uselessness {unknown}
Potions
 j - 5 potions of haste
 m - a potion of flight
 n - 4 potions of magic
 o - 2 potions of invisibility
 x - 2 potions of heal wounds
 B - 3 potions of mutation {unknown}
 G - a potion of curing {@q1}
 K - 2 potions of cancellation {unknown}
 O - 2 potions of brilliance {unknown}
Comestibles
 d - 19 rations
 v - 4 chunks of flesh


   Skills:
 + Level 9.3(8.9) Fighting
   Level 2.6(2.3) Short Blades
 * Level 10.6(10.2) Axes
 - Level 1.7(1.4) Throwing
 + Level 8.8(8.4) Dodging
 + Level 5.7(5.3) Evocations


You had 8 spell levels left.
You knew the following spells:

 Your Spells              Type           Power        Failure   Level  Hunger
a - Passwall              Tmut/Erth      #.......     30%         2    ###....

Your spell library contained the following spells:

 Spells                   Type           Power        Failure   Level  Hunger
 Beastly Appendage        Tmut           #.....       21%         1    ##.....
 Sandblast                Erth           #.....       21%         1    ##.....
 Sticks to Snakes         Tmut           #.......     30%         2    ###....
 Spider Form              Tmut/Pois      #.........   52%         3    ####...
 Stone Arrow              Conj/Erth      #.....       52%         3    ####...
 Ice Form                 Ice/Tmut       #.......     90%         4    #####..
 Petrify                  Tmut/Erth      #.......     90%         4    #####..
 Blade Hands              Tmut           #.........   99%         5    ######.
 Lee's Rapid Deconstruct  Erth           #.........   99%         5    ######.


Dungeon Overview and Level Annotations

Branches:
Dungeon (11/15)            Temple (1/1) D:4            Lair (1/6) D:10
    Orc (0/2) D:9         Gauntlet (1/1)

Altars:
Ashenzari
Cheibriados
Dithmenos
Elyvilon
Fedhas
Gozag
Hepliaklqana
Kikubaaqudgha
Makhleb
Nemelex Xobeh
Okawaru
Qazlal
Ru
Sif Muna
Trog
Uskayaw
Vehumet
Wu Jian
Xom
Yredelemnul
Zin
The Shining One
Beogh

Shops:
D:10 }

Annotations:
D:5 Grinder
D:11 exclusions: 2 doors and 5 wraiths, Josephine Gauntlet 11 transporters, 2 runed translucent doors


Innate Abilities, Weirdness & Mutations

You cannot wear most types of armour.
You are very stealthy in the water. (Stealth+)
You are amphibious.
You can wear up to eight rings at the same time.
You can use your tentacles to constrict eight enemies at once.
Your skin changes colour to match your surroundings (Stealth+).
You are dopey. (Int -2)
Your rubbery body absorbs attacks. (AC +1, EV +1)
You cannot study or cast Charms magic.
You cannot study or cast Fire magic.
You cannot study or cast Hexes magic.
You are somewhat unskilled. (-1 Apt)
You are missing an eye, making it more difficult to aim.


Message History

* * * LOW HITPOINT WARNING * * *
You feel very sick.
You feel better.
Cornered, the hornet turns to fight!
As you read the scroll of fear, it crumbles to dust.
You assume a fearsome visage.
The hornet looks frightened!
The hornet closely misses you.
Cornered, the hornet turns to fight! x2
The hornet stings you!
* * * LOW HITPOINT WARNING * * *
You are poisoned.
You feel as though you will be slow longer.
As you read the scroll of fear, it crumbles to dust.
You assume a fearsome visage.
The hornet looks frightened!
You feel sick. The hornet stings you.
* * * LOW HITPOINT WARNING * * *
You are more poisoned.
You feel as though you will be slow longer.
You focus your will and illuminate the hornet in retribution!
Cornered, the hornet turns to fight!
The hornet stings you!
You die...

###.####.#..#....#.#.##..#.#.##
......5#.#.......#.#Y....#9#.≈##
########.###################.≈≈#
...©#.......#©....©....©#....≈##
#####...♣...#############.♣P.##
###...P..P....#..(©.).#...P..≈##
###...#≈#≈#P..#.......#.♣P...≈≈#
..#...≈≈≈≈≈P..#y#####.#...P..≈##
..#.♣.#≈#≈#.♣.#.@.©...#.♣P...##
..#..P≈≈≈≈≈P..#.#####.#..P..≈#
###..P#≈#≈#...#.......#.♣..≈≈#
###...........#y......#...####
#######################..≈#
........©.........©#....≈≈#
####################...####
....#.[©#...#.........≈#
PP♣.#.###.#'#.♣P..♣..≈≈#


You could see 2 hornets.

Vanquished Creatures
  A two-headed ogre (D:10)
  An ugly thing (D:9)
  An elephant (D:10)
  A black mamba (Lair:1)
  A centaur skeleton (D:9)
  A komodo dragon (D:10)
  4 trolls
  A queen bee (D:8)
  A hornet (D:8)
  A raiju (Gauntlet)
  A dream sheep (D:8)
  Sigmund (D:2)
  A hippogriff (D:11)
  3 yaks
  A wraith (D:11)
  2 steam dragons
  A hungry ghost (D:9)
  2 water moccasins (Lair:1)
  2 porcupines (Lair:1)
  A hornet zombie (D:9)
  7 orc warriors
  3 sky beasts
  3 ice beasts
  4 phantoms
  A black bear (D:8)
  An eye of draining (D:11)
  3 ogres
  8 centaurs
  3 crocodiles
  The ghost of anet the Magician, an amateur DEWz (D:5)
  A big kobold (D:8)
  4 bullfrogs
  A gnoll sergeant (D:8)
  2 scorpions
  A water moccasin skeleton (D:7)
  25 killer bees
  2 wights (D:10)
  2 vampire bats (D:6)
  A howler monkey (D:6)
  6 crimson imps
  A quasit (D:11)
  A centaur zombie (D:10)
  7 hounds
  13 orc priests
  2 bullfrog skeletons
  Crazy Yiuf (D:2)
  3 jellies
  3 iguanas
  Natasha (thrice) (D:3)
  11 orc wizards
  10 worker ants
  10 adders
  7 gnolls
  A river rat (Lair:1)
  3 shadow imps
  A white imp (D:7)
  An adder zombie (D:5)
  2 adder skeletons
  A worm (D:2)
  3 dart slugs
  5 leopard geckos
  43 orcs
  3 bat skeletons (D:6)
  2 bat zombies (D:6)
  A giant cockroach (D:1)
  9 hobgoblins
  3 quokkas
  A ball python (D:5)
  4 bats
  3 frilled lizards
  A giant cockroach zombie (D:5)
  9 goblins
  A goblin skeleton (D:7)
  4 goblin zombies (D:7)
  A hobgoblin zombie (D:7)
  13 kobolds
  A kobold skeleton (D:7)
  2 leopard gecko skeletons
  2 orc skeletons (D:7)
  2 orc zombies (D:7)
  A quokka skeleton (D:6)
  5 rats
  A spectral orc (D:4)
  A fungus (Lair:1)
309 creatures vanquished.

Vanquished Creatures (collateral kills)
  An orc wizard (D:9)
  An orc (D:9)
2 creatures vanquished.

Vanquished Creatures (others)
  2 yaks (D:11)
  An ogre (D:7)
  A gnoll (D:8)
  4 toadstools (D:1)
8 creatures vanquished.

Grand Total: 319 creatures vanquished

Notes
Turn   | Place    | Note
-------+----------+-------------------------------------------
     0 | D:1      | fizhy the Octopode Gladiator began the quest for the Orb.
     0 | D:1      | Reached XP level 1. HP: 14/14 MP: 1/1
   400 | D:1      | Reached XP level 2. HP: 11/20 MP: 2/2
   982 | D:1      | You fall into a shaft and drop 1 floor!
  1138 | D:2      | Noticed a scorpion
  1187 | D:2      | Reached XP level 3. HP: 25/26 MP: 3/3
  1226 | D:2      | Noticed Sigmund
  1234 | D:2      | Killed Sigmund
  1234 | D:2      | Reached XP level 4. HP: 17/34 MP: 4/4
  1234 | D:2      | Reached XP level 5. HP: 19/38 MP: 5/5
  1704 | D:1      | Reached skill level 5 in Fighting
  1970 | D:1      | Reached XP level 6. HP: 45/45 MP: 6/6
  2207 | D:2      | Found a runed translucent door.
  2208 | D:2      | Noticed Crazy Yiuf
  2648 | D:3      | Noticed Natasha
  2652 | D:3      | Killed Natasha
  2920 | D:3      | Noticed Natasha
  2930 | D:3      | Killed Natasha
  3216 | D:3      | Found a glowing silver altar of Zin.
  3809 | D:3      | Found a shadowy altar of Dithmenos.
  3910 | D:3      | Found a blossoming altar of Fedhas.
  4120 | D:4      | Got a fine hand axe
  4121 | D:4      | Identified the cursed +3 hand axe of Ratacapp {pain, rF+
                  | MR+} (You found it on level 4 of the Dungeon)
  4305 | D:4      | Reached skill level 1 in Axes
  4305 | D:4      | Reached skill level 5 in Dodging
  4305 | D:4      | Reached XP level 7. HP: 52/52 MP: 7/7
  4390 | D:4      | Found a staircase to the Ecumenical Temple.
  4402 | D:4      | Reached skill level 2 in Axes
  4710 | Temple   | Entered the Ecumenical Temple
  4839 | Temple   | Became a worshipper of Ru the Awakened
  5074 | D:4      | Found a basalt altar of Yredelemnul.
  5211 | D:5      | Entered Level 5 of the Dungeon
  5383 | D:5      | Noticed Grinder
  5648 | D:5      | Found a transporter.
  5649 | D:5      | Noticed anet's ghost (amateur DEWz)
  5650 | D:5      | Found a transporter.
  5709 | D:5      | Reached skill level 3 in Axes
  5953 | D:5      | Found a stormy altar of Qazlal.
  6037 | D:5      | Found a blossoming altar of Fedhas.
  6667 | D:3      | Found a glowing silver altar of Zin.
  6669 | D:3      | Found a shadowy altar of Dithmenos.
  6955 | D:3      | Noticed Natasha
  6961 | D:3      | Killed Natasha
  6961 | D:3      | Reached XP level 8. HP: 58/58 MP: 8/8
  7001 | D:3      | Found a blossoming altar of Fedhas.
  7237 | D:2      | Killed Crazy Yiuf
  7431 | D:6      | Reached skill level 4 in Axes
  7846 | D:6      | Found a sparkling altar of Nemelex Xobeh.
  7989 | D:6      | Found a blossoming altar of Fedhas.
  7990 | D:6      | Gained mutation: You are somewhat unskilled. (-1 Apt) [Ru
                  | sacrifice]
  7990 | D:6      | Reduced skill Axes to level 3
  7990 | D:6      | Reduced skill Throwing to level 1
  7990 | D:6      | Reached * piety under Ru
  7990 | D:6      | Reached ** piety under Ru
  8033 | D:6      | Reached skill level 4 in Axes
  8198 | D:6      | Found an ancient bone altar of Kikubaaqudgha.
  8864 | D:7      | Reached skill level 5 in Axes
  9160 | D:7      | Found a glowing golden altar of the Shining One.
  9185 | D:7      | Reached XP level 9. HP: 35/63 MP: 9/9
  9779 | D:8      | Reached skill level 6 in Axes
  9979 | D:8      | Found a glowing golden altar of the Shining One.
  9980 | D:8      | Found a burning altar of Makhleb.
  9980 | D:8      | Found a sparkling altar of Nemelex Xobeh.
  9981 | D:8      | Found an ornate altar of the Wu Jian Council.
 10026 | D:8      | Noticed a hornet
 10225 | D:8      | Gained mutation: You are dopey. (Int -2) [Ru sacrifice]
 10314 | D:8      | Noticed a queen bee
 10342 | D:8      | Killed a queen bee
 10648 | D:8      | Reached skill level 7 in Axes
 10895 | D:8      | Killed a hornet
 11414 | D:8      | Reached skill level 1 in Evocations
 11414 | D:8      | Reached XP level 10. HP: 38/72 MP: 10/10
 11821 | D:8      | Reached skill level 8 in Axes
 11953 | D:8      | Noticed a two-headed ogre
 12013 | D:8      | a two-headed ogre changed into a dream sheep
 12231 | D:8      | Found a stormy altar of Qazlal.
 12465 | D:8      | Found a stormy altar of Qazlal.
 12677 | D:8      | Found an ornate altar of the Wu Jian Council.
 12678 | D:8      | Found a burning altar of Makhleb.
 12678 | D:8      | Found a sparkling altar of Nemelex Xobeh.
 12679 | D:8      | Found a glowing golden altar of the Shining One.
 13120 | D:7      | Found a glowing golden altar of the Shining One.
 13387 | D:6      | Found a sparkling altar of Nemelex Xobeh.
 13570 | D:6      | Found a blossoming altar of Fedhas.
 13686 | D:6      | Found an ancient bone altar of Kikubaaqudgha.
 14026 | D:8      | Learned a level 2 spell: Passwall
 14230 | D:9      | Noticed a purple ugly thing
 14291 | D:9      | Found a roughly hewn altar of Beogh.
 14291 | D:9      | Found a staircase to the Orcish Mines.
 14733 | D:9      | Killed a purple ugly thing
 14736 | D:9      | Reached skill level 9 in Axes
 14832 | D:9      | Gained mutation: You are missing an eye, making it more
                  | difficult to aim. [Ru sacrifice]
 14832 | D:9      | Reached *** piety under Ru
 15336 | D:10     | Entered Level 10 of the Dungeon
 15417 | D:10     | Reached XP level 11. HP: 78/78 MP: 14/14
 15865 | D:10     | Noticed a two-headed ogre
 15866 | D:10     | Found a staircase to the Lair.
 15882 | D:10     | Killed a two-headed ogre
 16090 | D:10     | Reached skill level 10 in Axes
 16408 | D:10     | Reached skill level 5 in Evocations
 16667 | D:10     | Found Powiarphut's Gadget Boutique.
 16675 | D:10     | Bought a wand of acid (7) for 308 gold pieces
 16675 | D:10     | Bought a wand of paralysis (8) for 140 gold pieces
 16675 | D:10     | Bought a wand of iceblast (6) for 140 gold pieces
 16895 | D:11     | Noticed Josephine
 17210 | D:11     | Gained mutation: You cannot study or cast Fire magic. [Ru
                  | sacrifice]
 17210 | D:11     | Gained mutation: You cannot study or cast Hexes magic. [Ru
                  | sacrifice]
 17210 | D:11     | Gained mutation: You cannot study or cast Charms magic. [Ru
                  | sacrifice]
 17210 | D:11     | Reached **** piety under Ru
 17813 | D:11     | Noticed a four-headed hydra
 18214 | D:5      | Killed anet's ghost
 18362 | Lair:1   | Entered Level 1 of the Lair of Beasts
 18619 | Lair:1   | Found a gate leading to a gauntlet.
 18635 | Gauntlet | Entered a Gauntlet
 18635 | Gauntlet | Found a transporter.
 18643 | Gauntlet | Found a runed translucent door.
 18647 | Gauntlet | Found a transporter.
 18657 | Gauntlet | Found a transporter.
 18665 | Gauntlet | Noticed a catoblepas
 18669 | Gauntlet | Found a transporter.
 18687 | Gauntlet | Found a transporter.
 18697 | Gauntlet | Found a transporter.
 18704 | Gauntlet | Noticed a hell beast
 18707 | Gauntlet | Found a transporter.
 18727 | Gauntlet | Found a transporter.
 18741 | Gauntlet | Found a runed translucent door.
 18742 | Gauntlet | Found a transporter.
 18742 | Gauntlet | Found a transporter.
 18743 | Gauntlet | Found a runed translucent door.
 18751 | Gauntlet | Found a transporter.
 18784 | Gauntlet | Noticed a wizard
 18787 | Gauntlet | Noticed a wizard
 18805 | Gauntlet | Noticed a death yak
 18805 | Gauntlet | Noticed a death yak
 18807 | Gauntlet | Found a transporter.
 18810 | Gauntlet | Found a transporter.
 18812 | Gauntlet | Noticed a death yak
 18916 | Gauntlet | HP: 1/80 [steam dragon] (7)]
 19044 | Gauntlet | Found a transporter.
 19051 | Gauntlet | Paralysed by a hornet for 1 turns
 19056 | Gauntlet | Mangled by a hornet

Levels and vault maps discovered:
D:1:      ldierk_walled_garden_2, layout_basic
D:2:      layout_basic, uniq_sigmund, uniq_crazy_yiuf_cottage
D:3:      layout_loops_ring, gammafunk_temple_overflow_pools, fedhas_altar_4,
          uniq_natasha
D:4:      layout_loops_cross, yredelemnul_forgotten_temple_becter,
          minmay_temple_entry_mini_moons
D:5:      layout_loops_ring, grunt_temple_overflow_forces_of_nature,
          first_ration, gammafunk_ghost_smash, uniq_grinder
D:6:      layout_basic, kennysheep_vampire_church, basic_altar,
          nemelex_spade_bored_becter
D:7:      layout_rooms, nicolae_tso_besieged_by_evil
D:8:      layout_loops_ring, chequers_temple_overflow_statue_of_worship,
          david_nohive_1, kennysheep_small_spiral,
          nicolae_qazlal_style_of_elements
D:9:      layout_irregular_city, david_orc_5, chequers_arboretum
D:10:     layout_loops_ring, david_lair_generic, serial_shops, shop,
          minmay_holes
D:11:     layout_irregular_city, dk_vineyard_2, uniq_josephine
Temple:   hc_temple_tempest_star
Lair:1:   lemuel_ratsnest, layout_big_grid, gauntlet_entry_generic
Gauntlet: minmay_gauntlet_77_tree [minmay_gauntlet_arena_77_path,
          minmay_gauntlet_arena_77_cramped,
          minmay_gauntlet_arena_77_chump_sandwich,
          minmay_gauntlet_arena_77_mess, minmay_gauntlet_arena_77_mirror,
          minmay_gauntlet_arena_77_double_cross,
          minmay_gauntlet_arena_77_squiggly, gauntlet_exit_hidden_loot]

Skill      XL: |  1  2  3  4  5  6  7  8  9 10 11 |
---------------+----------------------------------+-----
Fighting       | 3 4 5 6 7 8 9 |  9.3
Dodging        | 4 5 6 7 8 |  8.8
Axes           | 1 3 5 7 9 10 | 10.6
Short Blades   | 2 |  2.6
Throwing       | 1 |  1.7
Evocations     | 1 4 5 |  5.7

Action                   |  1- 3 |  4- 6 |  7- 9 | 10-12 || total
-------------------------+-------+-------+-------+-------++-------
Melee: Rapier            |    51 |    71 |       |       ||   122
       Constrict         |    12 |    22 |    61 |    59 ||   154
       Tentacles         |     4 |    15 |    58 |    90 ||   167
       Hand axe          |       |    22 |   120 |       ||   142
       War axe           |       |       |   187 |   411 ||   598
Throw: Throwing net      |       |     2 |     1 |       ||     3
       Stone             |       |     2 |     2 |       ||     4
       Dart              |       |       |    16 |     2 ||    18
Invok: Sacrifice Skill   |       |       |     1 |       ||     1
       Sacrifice Purity  |       |       |     1 |       ||     1
       Sacrifice an Eye  |       |       |       |     1 ||     1
       Draw Out Power    |       |       |       |     3 ||     3
       Sacrifice Arcana  |       |       |       |     1 ||     1
Evoke: Wand              |       |       |     6 |    43 ||    49
  Use: Potion            |     1 |       |     6 |     4 ||    11
       Scroll            |       |     5 |     5 |    11 ||    21
 Stab: Sleeping          |     1 |    10 |    15 |     8 ||    34
       Invisible         |     1 |       |     2 |     4 ||     7
       Distracted        |       |       |     2 |     4 ||     6
       Paralysed         |       |       |       |     6 ||     6
  Eat: Chunk             |     1 |     9 |    14 |    22 ||    46
       Ration            |       |       |     2 |     2 ||     4
Armor: Skin              |     1 |     7 |    71 |     9 ||    88
Dodge: Dodged            |    42 |    64 |   271 |   316 ||   693

Table legend:
 A = Non-vault XP
 B = Vault XP
 C = Vault XP percentage of total XP
 D = Non-vault monster count
 E = Vault monster count
 F = Vault count percentage of total count
                 A         B        C        D         E       F
            +---------+---------+-------+---------+---------+-------
      Total |   13651 |    3993 |  22.6 |     240 |      72 |  23.1
            +---------+---------+-------+---------+---------+-------
        D:1 |      43 |       0 |   0.0 |      22 |       0 |   0.0
        D:2 |     109 |     287 |  72.5 |      14 |       2 |  12.5
        D:3 |     140 |      35 |  20.0 |      16 |       1 |   5.9
        D:4 |     342 |       1 |   0.3 |      15 |       1 |   6.2
        D:5 |     307 |     218 |  41.5 |      15 |       2 |  11.8
        D:6 |     719 |     120 |  14.3 |      15 |       7 |  31.8
        D:7 |     836 |      21 |   2.5 |      22 |      12 |  35.3
        D:8 |    2180 |    1118 |  33.9 |      40 |      14 |  25.9
        D:9 |    2366 |     570 |  19.4 |      26 |      23 |  46.9
       D:10 |    3385 |     950 |  21.9 |      27 |       4 |  12.9
       D:11 |    2002 |     202 |   9.2 |      21 |       1 |   4.5
     Lair:1 |    1222 |      17 |   1.4 |       7 |       3 |  30.0
   Gauntlet |       0 |     454 | 100.0 |       0 |       2 | 100.0
            +---------+---------+-------+---------+---------+-------
